AoeStats
← RedPhosphoru

Arabian Desert

510382027Analyzed
1v1 RM · 10h ago on Sep 30, 2026· 27m 19s· 2 players
Game mode
Random Map
Map size
Tiny (2 player)
Population
200
Speed
Normal
Resources
Standard
Victory
Conquest
Starting age
Dark Age
Ending age
Imperial Age
RankedLock teamsTeams togetherTeam positionsShared explorationLock speedFull tech treeHidden civsTurbo modeCheats
Victory
Defeat
🇺🇸 Khmer · United States
2390
+6
🇩🇪 Saracens · Germany
2150
-6
Tom Tucker
6:19 Loom
8:58 Feudal Age
24:31 Fletching
RedPhosphoru
6:04 Loom
10:19 Loom
14:48 Feudal Age
15:01 Man-at-Arms
16:23 Arson
18:14 Scale Mail Armor
21:12 Forging
27:10 Castle Age
25:36 Double-Bit Axe
25:35 Horse Collar
28:09 Chain Mail Armor
Connection lost

Rejoining the realm…

Still unreachable

The connection could not be restored.

Session expired

The server has moved on; the page needs a fresh start.